Map: Catallena LE (Void)

Players

Kisto

  • Race: Protoss Protoss
  • Spawn Location: 12:00

Juxtapose - Winner!

  • Race: Protoss Protoss
  • League: Gold
  • Spawn Location: 5:00

VOD

https://youtu.be/dpIIUdmKljo

Description

Looks like my opponent is doing a Placement Match, as he hasn't touched Ranked 1v1 since earlier in 2013 (which would be StarCraft II: Heart of the Swarm).

Given such a long absence he played very well, though I clearly caught him off guard with my Oracle opening. I'm also surprised he didn't Warp in a MotherShip Core.

For my own part, I'm finally trying to stop using the All Army hotkey. I'm not moving my production structures to "7," placing my army on "0" (which is similar to how I play Warcraft III: The Frozen Throne), and special ability units on "4" and "5."

I instinctively went back to F2 in this match, but think I'll do better over time and repetition. I'm also pleased with how I used Force Field in this match.

Time

  • Played on: Sept. 2, 2017, 2:18 p.m.
  • Length: 10:20
Show
View Real Time Build Order
Export as new Build Order

Kisto Protoss 

Build Orders: 1 Gate Expand 

Get SALT Encoding   

  12  0:02  Probe (Chrono Boost)  
  13  0:12  Probe (Chrono Boost)  
  14  0:23  Pylon, Probe (Chrono Boost)  
  15  0:41  Probe (Chrono Boost)  
  16  0:47  Gateway  
  16  0:52  Probe (Chrono Boost)  
  17  1:03  Probe (Chrono Boost)  
  18  1:13  Probe (Chrono Boost)  
  19  1:22  Nexus  
  19  1:34  Probe (Chrono Boost)  
  19  1:37  Zealot  
  22  1:40  Pylon  
  22  1:45  Probe (Chrono Boost)  
  23  1:58  Probe (Chrono Boost)  
  24  2:08  Zealot  
  26  2:17  Assimilator  
  26  2:24  Assimilator  
  26  2:36  Probe x2 (Chrono Boost)  
  28  2:46  Probe x2 (Chrono Boost)  
  30  2:57  Probe x2 (Chrono Boost)  
  32  3:06  Cybernetics Core  
  32  3:07  Probe (Chrono Boost)  
  33  3:18  Zealot (Chrono Boost)  
  33  3:19  Pylon  
  35  3:21  Probe (Chrono Boost)  
  35  3:22  Pylon, Probe (Chrono Boost)  
  35  3:25  Pylon  
  37  3:28  Pylon  
  37  3:31  Pylon, Probe  
  37  3:33  Probe  
  39  3:34  Pylon  
  39  3:38  Pylon  
  39  3:43  Zealot (Chrono Boost), Warp Gate (Chrono Boost)  
  39  3:45  Probe  
  39  3:47  Probe  
  43  3:56  Probe  
  43  3:59  Probe  
  45  4:07  Stalker (Chrono Boost)  
  47  4:16  Gateway  
  47  4:17  Gateway  
  47  4:19  Gateway  
  33  4:33  Stalker (Chrono Boost)  
  33  4:55  Probe  
  33  4:57  Probe  
  35  5:02  Stalker (Chrono Boost)  
  35  5:06  Probe  
  37  5:09  Probe  
  39  5:17  Probe (Chrono Boost)  
  40  5:24  Forge  
  40  5:25  Forge  
  40  5:26  Probe (Chrono Boost)  
  41  5:46  Stalker x2  
  45  5:54  Pylon  
  45  5:56  Pylon  
  47  5:57  Pylon, Probe x2 (Chrono Boost)  
  47  5:58  Protoss Ground Weapons Level 1 (Chrono Boost)  
  47  6:00  Pylon  
  47  6:04  Protoss Shields Level 1 (Chrono Boost)  
  47  6:07  Probe (Chrono Boost)  
  47  6:08  Probe (Chrono Boost)  
  49  6:20  Photon Cannon  
  49  6:22  Photon Cannon  
  49  6:24  Probe x2 (Chrono Boost)  
  51  6:34  Probe (Chrono Boost)  
  51  6:35  Photon Cannon  
  52  6:40  Assimilator  
  52  6:41  Assimilator  
  52  6:47  Photon Cannon  
  52  6:49  Probe x2 (Chrono Boost)  
  54  7:02  Probe (Chrono Boost)  
  54  7:03  Probe (Chrono Boost)  
  54  7:08  Robotics Facility  
  56  7:13  Probe (Chrono Boost)  
  57  7:30  Probe (Chrono Boost)  
  57  7:31  Probe (Chrono Boost)  
  59  7:42  Twilight Council, Probe x2  
  61  7:44  Pylon  
  61  7:54  Pylon, Probe  
  43  8:13  Gateway  
  43  8:14  Gateway  
  43  8:17  Gateway  
  43  8:18  Stalker x4  
  43  8:19  Gateway  
  51  8:23  Immortal  
  55  8:31  Photon Cannon  
  55  8:44  Stalker x3  
  54  8:55  Stalker  
  46  9:17  Immortal  
  46  9:21  Zealot x4  
  46  9:22  Zealot x2  
  50  9:40  Cybernetics Core  
Show
View Real Time Build Order
Export as new Build Order

Juxtapose Protoss - Winner!

Build Orders: Oracle Opening 

Get SALT Encoding   

  12  0:01  Probe (Chrono Boost)  
  13  0:11  Probe (Chrono Boost)  
  14  0:23  Pylon  
  14  0:24  Probe (Chrono Boost)  
  15  0:41  Probe (Chrono Boost)  
  16  0:45  Gateway  
  16  0:52  Probe (Chrono Boost)  
  16  0:54  Assimilator  
  17  0:57  Pylon  
  17  1:02  Probe (Chrono Boost)  
  18  1:13  Probe (Chrono Boost)  
  18  1:14  Assimilator  
  19  1:23  Probe (Chrono Boost)  
  20  1:34  Probe (Chrono Boost)  
  21  1:41  Cybernetics Core  
  21  1:44  Probe (Chrono Boost)  
  22  1:51  Pylon  
  22  1:56  Probe (Chrono Boost)  
  22  2:00  Pylon  
  23  2:05  Gateway  
  23  2:10  Zealot  
  25  2:19  Warp Gate (Chrono Boost)  
  25  2:22  Probe (Chrono Boost)  
  25  2:35  Stargate  
  25  2:37  Mothership Core  
  26  2:53  Zealot  
  28  3:13  Nexus  
  28  3:19  Oracle (Chrono Boost)  
  31  3:39  Pylon  
  31  3:40  Pylon  
  31  3:45  Pylon  
  31  3:49  Stalker  
  33  4:31  Stalker  
  35  4:56  Gateway  
  35  4:59  Twilight Council  
  35  5:03  Forge  
  35  5:05  Pylon  
  35  5:13  Probe, Robotics Facility  
  35  5:14  Probe  
  35  5:20  Assimilator  
  37  5:22  Assimilator  
  37  5:24  Probe, Stalker  
  37  5:26  Probe  
  41  5:47  Probe  
  41  5:48  Gateway  
  41  5:49  Probe  
  43  5:58  Probe  
  43  6:01  Probe  
  43  6:03  Protoss Ground Weapons Level 1 (Chrono Boost)  
  45  6:06  Stalker, Blink  
  45  6:07  Stalker  
  49  6:14  Sentry  
  49  6:16  Probe  
  49  6:18  Probe  
  53  6:27  Probe  
  53  6:30  Probe  
  55  6:34  Observer  
  56  6:42  Sentry x2  
  60  6:49  Stalker  
  62  6:56  Probe  
  62  6:57  Probe  
  64  7:03  Warp Prism  
  64  7:06  Probe  
  67  7:09  Probe  
  68  7:20  Stalker x2  
  68  7:21  Stalker  
  68  7:22  Stalker  
  76  7:24  Probe  
  76  7:28  Pylon  
  77  7:32  Probe  
  77  7:35  Probe  
  71  7:58  Stalker  
  71  7:59  Stalker x3  
  81  8:20  Protoss Ground Armor Level 1 (Chrono Boost), Immortal  
  81  8:59  Immortal  
  85  9:03  Stalker  
  85  9:04  Stalker x3  
  91  9:22  Pylon  
  89  9:24  Photon Cannon  
  89  9:26  Photon Cannon  
  89  9:28  Photon Cannon  
  87  9:38  Immortal  
  82  9:54  Stalker  
  82  9:55  Stalker x3  
Tags
 
Add a new tag
Caveats
  • Supply blocks, unpowered buildings, or Contaminate may cause inaccurate times.
  • Supply counts are checked every 10 seconds.